 Dungeon Crawl Stone Soup version 0.19.0-2-gae57169 (webtiles) character file.

271338 lorenzova the Sorcerer (level 19, -19/89 HPs)
             Began as a Deep Elf Conjurer on Nov 5, 2016.
             Was the Champion of Vehumet.
             Shot with an arrow by a deep elf master archer (36 damage)
             ... on level 3 of the Elven Halls.
             The game lasted 03:10:53 (48925 turns).

lorenzova the Sorcerer (Deep Elf Conjurer)         Turns: 48925, Time: 03:10:54

Health: -19/89     AC: 14    Str:  6    XL:     19   Next: 45%
Magic:  40/57      EV: 15    Int: 39    God:    Vehumet [******]
Gold:   3694       SH:  5    Dex: 15    Spells: 8 memorised, 25 levels left

rFire  . . .     SeeInvis +     O - staff of conjuration
rCold  + + +     Gourm    .     b - +0 ring mail
rNeg   . . .     Faith    .     w - +0 buckler
rPois  +         Spirit   .     z - +0 helmet {SInv}
rElec  .         Reflect  .     J - +1 cloak
rCorr  .         Harm     .     N - +1 pair of gloves of Monotheism {rPois rC++ Int-2 Stlth+}
MR     +++..     Clarity  +     K - +0 pair of boots
Stlth  ++++......               g - amulet of magic regeneration
                                h - ring "Yladghohu" {rC+ MR++ Str-5 Int+3 Dex+3}
                                X - ring "Raim" {MP+9 Str+6 Int+8 Dex-4}

@: very slightly contaminated, drained
A: clarity, clever 1
a: Renounce Religion
}: 2/15 runes: barnacled, gossamer


You were on level 3 of the Elven Halls.
You worshipped Vehumet.
Vehumet was exalted by your worship.
You were not hungry.

You visited 6 branches of the dungeon, and saw 34 of its levels.
You also visited: Bailey.

You collected 5171 gold pieces.
You spent 1477 gold pieces at shops.

Inventory:

Hand Weapons
 C - the +3 short sword "Opputel" {protect, *Drain rElec rF+}
   (You took it off a deep elf mage on level 3 of the Elven Halls)

   It protects the one who uses it against injury (+AC on strike).
   It protects you from fire.
   It insulates you from electricity.
   It causes draining when unequipped.
Armour
 b - a +0 ring mail (worn)
 w - a +0 buckler (worn)
 z - a +0 helmet of see invisible (worn)
 J - a +1 cloak (worn)
 K - a +0 pair of boots (worn)
 N - the +1 pair of gloves of Monotheism (worn) {rPois rC++ Int-2 Stlth+}
   (You took it off Nikola on level 1 of the Elven Halls)

   It affects your intelligence (-2).
   It greatly protects you from cold.
   It protects you from poison.
   It makes you more stealthy.
Magical Staves
 O - an uncursed staff of conjuration (weapon)
 U - an uncursed staff of air
Jewellery
 e - the ring "Oxymadit" {*Corrode *Slow +Fly rElec Dex+3}
   (You found it on level 3 of the Elven Halls)

   [ring of dexterity]

   It affects your dexterity (+3).
   It insulates you from electricity.
   It lets you fly.
   It may corrode you when you take damage.
   It may slow you when you take damage.
 g - an amulet of magic regeneration (around neck)
 h - the ring "Yladghohu" (right hand) {rC+ MR++ Str-5 Int+3 Dex+3}
   (You found it on level 6 of the Lair of Beasts)

   [ring of intelligence]

   It affects your strength (-5).
   It affects your intelligence (+3).
   It affects your dexterity (+3).
   It protects you from cold.
   It affects your resistance to hostile enchantments.
 M - the ring "Niarphaguck" {rElec rN+++ MP-9 AC+3 Dex+5, unknown}
   (You took it off a deep elf demonologist on level 3 of the Elven Halls)

   [ring of protection]

   It affects your AC (+3).
   It affects your dexterity (+5).
   It insulates you from electricity.
   It renders you almost immune to negative energy.
   It affects your magic capacity (-9).
 R - an uncursed ring of magical power {unknown}
 T - an uncursed ring of ice
 V - an uncursed ring of fire
 W - an uncursed ring of protection from magic
 X - the ring "Raim" (left hand) {MP+9 Str+6 Int+8 Dex-4}
   (You bought it in a shop on level 4 of the Dungeon)

   [ring of magical power]

   It affects your strength (+6).
   It affects your intelligence (+8).
   It affects your dexterity (-4).
   It affects your magic capacity (+9).
Wands
 a - a wand of iceblast (7/15)
 l - a wand of teleportation (4/9)
 y - a wand of hasting (4/9)
 P - a wand of teleportation (3/9)
 Z - a wand of digging (24/24)
Scrolls
 f - 8 scrolls of enchant armour
 j - 2 scrolls of blinking
 m - 4 scrolls of magic mapping
 o - a scroll of summoning
 q - 10 scrolls of teleportation
 s - 9 scrolls of remove curse
 t - 4 scrolls of recharging
 x - 7 scrolls of fog
 F - 7 scrolls of fear
 S - a scroll of identify
Potions
 d - 3 potions of invisibility
 i - 4 potions of lignification
 n - 2 potions of cancellation
 r - 9 potions of curing
 u - 3 potions of cure mutation
 v - 7 potions of haste
 A - 8 potions of heal wounds
 D - 3 potions of ambrosia
 E - a potion of flight
 G - a potion of agility
 H - 5 potions of resistance
 L - 4 potions of magic
 Q - a potion of experience
Books
 k - a book of Spatial Translocations

   Spells                             Type                      Level
   a - Blink                          Translocation                2
   b - Shroud of Golubria             Charms/Translocation         2
   c - Lesser Beckoning               Translocation                3
   d - Portal Projectile              Translocation                3
   e - Teleport Other                 Translocation                3
   f - Passage of Golubria            Translocation                4
Miscellaneous
 I - a crystal ball of energy
Comestibles
 c - 9 bread rations
 p - 2 royal jellies
 B - a meat ration


   Skills:
 - Level 9.2(8.7) Armour
 + Level 11.4(11.0) Dodging
 - Level 7.3(6.9) Stealth
 - Level 4.9(4.5) Shields
 * Level 23.1(22.5) Spellcasting
 * Level 19.4(18.8) Conjurations
 - Level 13.8(13.4) Charms
 - Level 6.6(6.2) Summonings
 - Level 2.0(1.6) Translocations
 * Level 14.9(14.4) Fire Magic


You had 25 spell levels left.
You knew the following spells:

 Your Spells              Type           Power        Failure   Level  Hunger
a - Apportation           Tloc           ######....   1%          1    None
b - Iskenderun's Battles  Conj/Chrm      ########     1%          5    None
c - Iskenderun's Mystic   Conj           ########     0%          4    None
f - Fireball              Conj/Fire      ########..   1%          5    None
m - Bolt of Fire          Conj/Fire      ########..   1%          6    None
p - Blink                 Tloc           N/A          1%          2    None
s - Spellforged Servitor  Conj/Summ      ########..   2%          7    None
v - Fire Storm            Conj/Fire      ########..   56%         9    ###....


Dungeon Overview and Level Annotations

Branches:
Dungeon (15/15)            Temple (0/1) D:7            Lair (6/6) D:11
 Shoals (4/4) Lair:4       Spider (4/4) Lair:3        Slime (0/5) Lair:5
    Orc (2/2) D:10            Elf (3/3) Orc:2        Vaults (0/5) D:13
 Depths (0/5) D:15

Altars:
Cheibriados
Dithmenos
Elyvilon
Kikubaaqudgha
Makhleb
Ru
Sif Muna
Vehumet
Yredelemnul
Beogh
Jiyva

Shops:
D:4 =   D:10 (   Orc:2 }*[*   Elf:3 }==   Shoals:1 (

Portals:
Hell: Lair:6

Annotations:
Lair:5 1 runed door
Elf:2 5 runed doors


Innate Abilities, Weirdness & Mutations

You possess an exceptional clarity of mind.
Your mind is acute. (Int +2)


Message History

The damnation engulfs your spellforged servitor.
You see here a dagger.
Items here: " )))) [[ The hellion gestures at you.
The sphere of damnation explodes!
The damnation engulfs you! The hellion gestures at you.
The sphere of damnation explodes!
The damnation engulfs you!
* * * LOW HITPOINT WARNING * * *
The damnation engulfs your spellforged servitor.
You hear a shout!
You see here a ring mail.
Okay, then.
Blink to where?
Press: ? - help, Dir - move target cursor You are very lightly contaminated with residual magic.
As you read the scroll of blinking, it crumbles to dust.
The deep elf master archer wields a longbow.
The deep elf master archer shoots an arrow.
The arrow hits you!!!
You die...

.....).#.#####.#.#)..#.# ##...##.
####...#....#.##.)...e.###.....#.
♣♣♣########...####)..####........
PP♣#...#....#.# #....##.......).
.P♣#.#.#.####.# #..#.##.#......)
..♣#.).#.....(####....##8.......#
).∩..#...##.........##.)##.#)2..#
..♣#.#.#####.......)##8.#####...#
.P♣#.#.# #^...@..(.)##...#....#
PP♣#.#.## ##.####...#.##.##...4.)
♣♣♣#.#..###..# #...)#.#.###.#.##
####.###...### #....#.### #####
##.######.#######..).#.##
.........)###...#......##
...###........#.#((.....#
##.###........#.........# .#
..#.##........#....###..# ...


You could see a deep elf master archer and a friendly spellforged servitor.

Vanquished Creatures
  Bai Suzhen (Elf:3)
  Nikola (Elf:1)
  Arachne (Spider:4)
  Jorgrun (Elf:3)
  A deep elf blademaster (Elf:3)
  A deep elf master archer (Elf:3)
  A kraken (Shoals:4)
  Agnes (D:14)
  Kirke (Shoals:2)
  Donald (Elf:1)
  A frost giant (Shoals:4)
  5 ghost moths
  A deep elf sorcerer (Elf:3)
  An orc warlord (Bailey)
  Louise (Spider:3)
  6 emperor scorpions
  2 entropy weavers
  2 dire elephants (Lair:6)
  7 deep elf demonologists
  A spark wasp (Spider:3)
  5 deep elf annihilators (Elf:3)
  6 deep elf death magi
  Snorg (D:13)
  7 merfolk impalers
  3 merfolk javelineers (Shoals:4)
  A fire dragon (D:15)
  4 deep elf high priests
  An ice dragon (D:15)
  10 hydras
  Erolcha (D:12)
  A rakshasa (D:14)
  An alligator snapping turtle (Shoals:4)
  Fannar (Lair:3)
  2 catoblepae
  7 centaur warriors
  A death knight (D:14)
  3 merfolk avatars
  3 merfolk aquamancers (Shoals:4)
  2 ogre magi
  14 dancing weapons
  5 orc high priests
  3 satyrs
  Urug (Lair:3)
  8 deep elf knights
  7 sea snakes
  A sixfirhy (Lair:6)
  An unseen horror (D:9)
  2 hill giants
  17 harpies
  12 deep elf archers
  22 orb spiders
  7 orc knights
  47 deep elf magi
  2 wizards
  32 wolf spiders
  7 fauns
  6 manticores
  6 orc sorcerers
  7 ugly things
  2 moths of wrath
  6 cyclopes
  15 elephants
  2 water nymphs (Shoals:3)
  8 sirens
  5 black mambas
  3 orange demons (Lair:6)
  A smoke demon (Lair:6)
  5 torpor snails
  3 gargoyles
  2 rime drakes (Lair:6)
  11 spiny frogs
  2 kobold demonologists (D:11)
  9 demonic crawlers
  A hellwing (Lair:6)
  7 komodo dragons
  A tengu conjurer (D:15)
  An ice devil (Lair:6)
  32 jumping spiders
  3 polar bears
  13 merfolk
  A polar bear (shapeshifter) (D:15)
  6 wind drakes
  13 hornets
  4 trolls
  13 two-headed ogres
  14 blink frogs
  Prince Ribbit (Lair:2)
  17 hippogriffs
  A meliai zombie (D:13)
  3 dream sheep (Shoals:1)
  7 snapping turtles
  4 air elementals
  65 redbacks
  A shadow (D:15)
  20 tarantellas
  21 yaks
  6 water elementals
  A wraith (D:11)
  A vampire (D:11)
  A spriggan (Lair:3)
  2 fire elementals (Elf:1)
  2 hogs (Shoals:2)
  2 hungry ghosts
  6 basilisks
  Grum (D:11)
  6 wargs
  2 soldier ants
  13 water moccasins
  4 hell hounds (Lair:6)
  8 porcupines
  32 orc warriors
  A black bear (Lair:3)
  4 sky beasts
  An eye of draining (D:11)
  4 ice beasts
  5 phantoms
  19 centaurs
  31 ogres
  5 wolves
  9 crocodiles
  2 big kobolds (D:11)
  Blork the orc (D:4)
  2 earth elementals
  13 bullfrogs
  A water moccasin skeleton (D:4)
  4 scorpions
  9 killer bees
  4 electric eels
  2 howler monkeys
  5 wights (D:9)
  2 vampire bats (Lair:6)
  4 centaur zombies
  2 bullfrog zombies (D:7)
  7 crimson imps
  22 orc priests
  A quasit (D:14)
  5 hounds
  4 jellies
  4 centaur skeletons
  A two-headed ogre zombie (D:11)
  5 bullfrog skeletons
  4 iguanas
  2 gnoll shamans
  24 orc wizards
  19 worker ants
  A hound zombie (D:8)
  2 worker ant zombies
  A howler monkey zombie (D:6)
  10 gnolls
  14 adders
  2 howler monkey skeletons
  6 shadow imps
  2 oozes (D:1)
  A worm (D:3)
  4 dart slugs
  9 leopard geckos
  98 orcs
  14 bats
  5 giant cockroaches
  8 goblins
  8 hobgoblins
  2 jackals (D:9)
  3 quokkas
  A ball python (D:4)
  3 frilled lizards
  26 kobolds
  A leopard gecko skeleton (D:4)
  A leopard gecko zombie (D:5)
  A quokka skeleton (D:4)
  8 rats
  A bush (Elf:3)
  A crawling corpse (Elf:3)
  A fungus (Lair:6)
  2 plants
  2 tentacles (Shoals:4)
1180 creatures vanquished.

Vanquished Creatures (collateral kills)
  A deep elf blademaster (Elf:3)
  Ilsuiw (Shoals:4)
  A deep elf sorcerer (Elf:3)
  Aizul (Shoals:2)
  2 deep elf annihilators (Elf:3)
  A deep elf death mage (Elf:3)
  2 merfolk impalers
  3 merfolk javelineers (Shoals:4)
  4 merfolk avatars
  A satyr (Shoals:2)
  A merfolk aquamancer (Shoals:4)
  3 dancing weapons (Elf:3)
  A deep elf knight (Elf:3)
  4 sea snakes
  4 deep elf archers (Elf:3)
  8 harpies
  An orb spider (Spider:4)
  4 fauns
  2 cyclopes (Shoals:4)
  6 deep elf magi (Elf:3)
  4 manticores
  6 sirens (Shoals:4)
  2 water nymphs
  3 wind drakes
  10 merfolk
  4 snapping turtles
  2 hippogriffs (Shoals:4)
  A dream sheep (Shoals:1)
  An air elemental (Elf:3)
  3 water elementals
  An earth elemental (Elf:3)
  A plant (Shoals:4)
89 creatures vanquished.

Vanquished Creatures (others)
  A deep elf knight (Elf:1)
  A siren (Shoals:2)
  4 humans (Shoals:2)
  A crawling corpse (Elf:3)
  7 fungi
  13 plants
  2 tentacles (Shoals:4)
29 creatures vanquished.

Grand Total: 1298 creatures vanquished

Notes
Turn   | Place    | Note
-------+----------+-------------------------------------------
     0 | D:1      | lorenzova the Deep Elf Conjurer began the quest for the Orb.
     0 | D:1      | Reached XP level 1. HP: 10/10 MP: 6/6
   322 | D:1      | Reached XP level 2. HP: 15/15 MP: 6/8
   468 | D:1      | Reached skill level 4 in Spellcasting
   653 | D:1      | Reached XP level 3. HP: 19/19 MP: 6/10
   781 | D:1      | Reached skill level 5 in Conjurations
  1299 | D:2      | Found a radiant altar of Vehumet.
  1310 | D:2      | Became a worshipper of Vehumet
  1519 | D:2      | Reached XP level 4. HP: 13/24 MP: 4/12
  1658 | D:2      | Learned a level 4 spell: Iskenderun's Mystic Blast
  1856 | D:2      | Reached skill level 5 in Spellcasting
  3080 | D:4      | Noticed Blork the orc
  3084 | D:4      | Killed Blork the orc
  3084 | D:4      | Reached XP level 5. HP: 16/28 MP: 0/15
  3102 | D:3      | Reached * piety under Vehumet
  3102 | D:3      | Offered knowledge of Freeze by Vehumet.
  3258 | D:3      | Learned a level 5 spell: Iskenderun's Battlesphere
  3400 | D:4      | Found Gopsis's Jewellery Boutique.
  3519 | D:4      | Reached skill level 6 in Spellcasting
  3790 | D:4      | Reached skill level 1 in Charms
  3790 | D:4      | Reached XP level 6. HP: 19/32 MP: 5/17
  4267 | D:4      | Reached skill level 7 in Spellcasting
  4267 | D:4      | Reached XP level 7. HP: 29/36 MP: 4/19
  4463 | D:4      | Found a snail-covered altar of Cheibriados.
  4644 | D:5      | Entered Level 5 of the Dungeon
  5050 | D:5      | Reached skill level 8 in Spellcasting
  5197 | D:5      | Found a basalt altar of Yredelemnul.
  6006 | D:6      | Reached XP level 8. HP: 41/41 MP: 11/22
  6167 | D:6      | Reached ** piety under Vehumet
  6167 | D:6      | Offered knowledge of Flame Tongue by Vehumet.
  6198 | D:6      | Reached skill level 9 in Spellcasting
  6198 | D:6      | Reached skill level 5 in Charms
  7105 | D:7      | Noticed a hippogriff
  7110 | D:7      | Killed a hippogriff
  7110 | D:7      | Reached skill level 10 in Spellcasting
  7339 | D:7      | Found a staircase to the Ecumenical Temple.
  7517 | D:7      | Offered knowledge of Mephitic Cloud by Vehumet.
  7517 | D:7      | Reached XP level 9. HP: 45/45 MP: 18/25
  7979 | D:8      | Reached skill level 10 in Conjurations
  8497 | D:8      | Reached skill level 11 in Spellcasting
  8499 | D:8      | Reached *** piety under Vehumet
  9525 | D:9      | Offered knowledge of Sticky Flame by Vehumet.
  9598 | D:9      | Found a flagged portal.
  9662 | D:9      | Killed an unseen horror
  9662 | D:9      | Reached skill level 12 in Spellcasting
  9662 | D:9      | Reached XP level 10. HP: 50/50 MP: 21/28
  9694 | Bailey   | Entered a bailey
  9788 | Bailey   | Noticed an orc warlord
  9939 | Bailey   | Found a runed gate.
  9947 | Bailey   | Found a runed gate.
  9983 | Bailey   | Found a runed gate.
 10009 | Bailey   | Reached **** piety under Vehumet
 10053 | Bailey   | Offered knowledge of Inner Flame by Vehumet.
 10551 | Bailey   | Killed an orc warlord
 10701 | Bailey   | Got a twisted dagger
 10715 | Bailey   | Identified the cursed +2 dagger of the Sky {venom, Dex+4} (You found it in a bailey)
 11209 | D:9      | Reached skill level 13 in Spellcasting
 11909 | D:10     | Entered Level 10 of the Dungeon
 12168 | D:10     | Found Ciriss's Antique Weapon Emporium.
 12192 | D:10     | Learned a level 5 spell: Fireball
 12361 | D:10     | Found a staircase to the Orcish Mines.
 12978 | D:11     | Reached skill level 10 in Charms
 12988 | D:11     | Reached XP level 11. HP: 49/54 MP: 25/30
 12990 | D:11     | Noticed a hill giant
 13194 | D:4      | Bought the ring "Raim" {MP+9 Str+6 Int+8 Dex-4} for 528 gold pieces
 13628 | D:10     | Killed a hill giant
 13628 | D:10     | Reached skill level 14 in Spellcasting
 13755 | D:11     | Noticed a soul eater
 13849 | D:11     | Noticed Grum
 13907 | D:11     | Killed Grum
 13961 | D:11     | Found a staircase to the Lair.
 14036 | D:11     | Noticed a purple ugly thing
 14041 | D:11     | Killed a purple ugly thing
 14129 | D:11     | Reached ***** piety under Vehumet
 14130 | D:11     | Offered knowledge of Irradiate by Vehumet.
 14229 | D:11     | Reached skill level 15 in Spellcasting
 14538 | D:11     | Noticed an ogre mage
 14543 | D:11     | Killed an ogre mage
 14646 | D:11     | Reached skill level 1 in Fire Magic
 14801 | Lair:1   | Entered Level 1 of the Lair of Beasts
 15052 | Lair:1   | Reached XP level 12. HP: 59/59 MP: 33/33
 15735 | Lair:1   | Reached skill level 16 in Spellcasting
 16627 | Lair:2   | Noticed Prince Ribbit
 16632 | Lair:2   | Killed Prince Ribbit
 16735 | Lair:2   | Noticed a four-headed hydra
 16739 | Lair:2   | Noticed a five-headed hydra
 16739 | Lair:2   | Killed a four-headed hydra
 16743 | Lair:2   | Reached skill level 5 in Fire Magic
 16747 | Lair:2   | Killed a five-headed hydra
 17638 | Lair:3   | Reached skill level 17 in Spellcasting
 17650 | Lair:3   | Noticed Urug
 17655 | Lair:3   | Killed Urug
 17815 | Lair:3   | Noticed Fannar
 17821 | Lair:3   | Killed Fannar
 17821 | Lair:3   | Reached skill level 15 in Conjurations
 17821 | Lair:3   | Reached XP level 13. HP: 63/63 MP: 36/36
 18075 | Lair:3   | Found a hole to the Spider Nest.
 18756 | Lair:4   | Reached skill level 1 in Armour
 19533 | Lair:4   | Found a staircase to the Shoals.
 19724 | Lair:4   | Got a tattered robe
 19735 | Lair:4   | Identified the +2 robe of Spin the Turtle {Str-4 Dex+4 SInv} (You found it on level 4 of the Lair of Beasts)
 20022 | Lair:5   | Offered knowledge of Olgreb's Toxic Radiance by Vehumet.
 20714 | Lair:5   | Found a runed door.
 20714 | Lair:5   | Found a viscous altar of Jiyva.
 20824 | Lair:5   | Found a staircase to the Slime Pits.
 20824 | Lair:5   | Noticed an azure jelly
 20824 | Lair:5   | Noticed an azure jelly
 20841 | Lair:6   | Entered Level 6 of the Lair of Beasts
 20886 | Lair:6   | Reached skill level 18 in Spellcasting
 20970 | Lair:6   | Reached skill level 5 in Armour
 21352 | Lair:6   | Noticed a dire elephant
 21356 | Lair:6   | Killed a dire elephant
 21356 | Lair:6   | Reached skill level 5 in Dodging
 21647 | Lair:6   | Noticed a dire elephant
 21650 | Lair:6   | Killed a dire elephant
 21843 | Lair:6   | Reached XP level 14. HP: 68/68 MP: 38/38
 22428 | Lair:6   | Found a burning altar of Makhleb.
 22784 | Lair:6   | Found a gateway to Hell.
 22799 | Lair:6   | Got a crude marble ring
 22804 | Lair:6   | Identified the ring "Yladghohu" {rC+ MR++ Str-5 Int+3 Dex+3} (You found it on level 6 of the Lair of Beasts)
 23026 | Lair:1   | Identified a scroll of acquirement
 23359 | D:9      | Offered knowledge of Bolt of Fire by Vehumet.
 23367 | D:9      | Learned a level 6 spell: Bolt of Fire
 23494 | D:4      | Bought an uncursed ring of see invisible for 165 gold pieces
 23673 | Orc:1    | Entered Level 1 of the Orcish Mines
 24150 | Orc:1    | Found a roughly hewn altar of Beogh.
 24220 | Orc:1    | Found a roughly hewn altar of Beogh.
 24362 | Orc:2    | Entered Level 2 of the Orcish Mines
 24793 | Orc:2    | Reached skill level 19 in Spellcasting
 24955 | Orc:2    | Found Owko's Assorted Antiques.
 24955 | Orc:2    | Found Zack's Armour Emporium.
 24956 | Orc:2    | Found Fagha's General Store.
 24956 | Orc:2    | Found Cyus's Gadget Shop.
 24963 | Orc:2    | Bought a twisted copper wand for 96 gold pieces
 24963 | Orc:2    | Bought a tiny sapphire amulet for 120 gold pieces
 24963 | Orc:2    | Bought a wand of confusion for 36 gold pieces
 25107 | Orc:2    | Offered knowledge of Yara's Violent Unravelling by Vehumet.
 25343 | Orc:2    | Found a staircase to the Elven Halls.
 25691 | Orc:2    | Bought a +0 helmet of see invisible for 172 gold pieces
 25944 | D:12     | Found a shadowy altar of Dithmenos.
 26251 | D:12     | Noticed Erolcha
 26259 | D:12     | Killed Erolcha
 26909 | D:13     | Noticed Snorg
 26911 | D:13     | Killed Snorg
 27004 | D:13     | Found an ancient bone altar of Kikubaaqudgha.
 27015 | D:13     | Found a gate to the Vaults.
 27225 | D:13     | Reached XP level 15. HP: 72/72 MP: 40/40
 28613 | D:14     | Found a sacrificial altar of Ru.
 28846 | D:14     | Noticed Agnes
 28850 | D:14     | Killed Agnes
 29324 | D:15     | Entered Level 15 of the Dungeon
 29374 | D:15     | Found a white marble altar of Elyvilon.
 29632 | D:15     | Reached skill level 20 in Spellcasting
 29665 | D:15     | Found a staircase to the Depths.
 30385 | Lair:1   | Gained mutation: Your magical capacity is low. (-10% MP) [potion of mutation]
 30385 | Lair:1   | Gained mutation: Potions and wands are less effective at restoring your health. [potion of mutation]
 30385 | Lair:1   | Gained mutation: You have a pair of small antennae on your head. [potion of mutation]
 30386 | Lair:1   | Lost mutation: Your magical capacity is low. (-10% MP) [potion of cure mutation]
 30386 | Lair:1   | Lost mutation: You have a pair of small antennae on your head. [potion of cure mutation]
 30386 | Lair:1   | Lost mutation: Potions and wands are less effective at restoring your health. [potion of cure mutation]
 30394 | Lair:1   | Gained mutation: You possess an exceptional clarity of mind. [potion of beneficial mutation]
 30395 | Lair:1   | Gained mutation: Your mind is acute. (Int +2) [potion of beneficial mutation]
 30481 | Elf:1    | Entered Level 1 of the Elven Halls
 30834 | Elf:1    | Noticed Donald
 30842 | Elf:1    | Killed Donald
 30944 | Elf:1    | Offered knowledge of Freezing Cloud by Vehumet.
 31450 | Elf:1    | Reached skill level 10 in Fire Magic
 31849 | Elf:1    | Reached XP level 16. HP: 43/76 MP: 30/42
 32022 | Elf:1    | Found a deep blue altar of Sif Muna.
 32298 | Elf:1    | Noticed Nikola
 32307 | Elf:1    | Killed Nikola
 32329 | Elf:1    | Noticed a Brimstone Fiend
 33106 | Elf:1    | Got a pair of scorched gloves
 33118 | Elf:1    | Identified the +1 pair of gloves of Monotheism {rPois rC++ Int-2 Stlth+} (You took it off Nikola on level 1 of the Elven Halls)
 33877 | Elf:2    | Reached skill level 21 in Spellcasting
 34139 | Elf:2    | Found a huge runed gate.
 34139 | Elf:2    | Found a huge runed gate.
 34140 | Elf:2    | Found a huge runed gate.
 34147 | Elf:2    | Found a huge runed gate.
 34152 | Elf:2    | Found a huge runed gate.
 34414 | Elf:3    | Entered Level 3 of the Elven Halls
 34770 | Spider:1 | Entered Level 1 of the Spider Nest
 35249 | Spider:1 | Offered knowledge of Spellforged Servitor by Vehumet.
 35439 | Spider:1 | Learned a level 7 spell: Spellforged Servitor
 35544 | Spider:1 | Reached skill level 1 in Summonings
 36371 | Spider:2 | Reached XP level 17. HP: 80/80 MP: 39/44
 36737 | Spider:1 | HP: 4/80 [poisoned by a redback]
 36745 | Spider:1 | HP: 4/80 [poisoned by a redback]
 37523 | Spider:3 | Noticed Louise
 37528 | Spider:3 | Killed Louise
 37787 | Spider:3 | Offered knowledge of Iron Shot by Vehumet.
 38300 | Spider:4 | Entered Level 4 of the Spider Nest
 38491 | Spider:4 | Noticed Arachne
 38493 | Spider:4 | Killed Arachne
 38493 | Spider:4 | Reached skill level 5 in Summonings
 38814 | Spider:4 | Reached skill level 22 in Spellcasting
 39443 | Spider:4 | Got a gossamer rune of Zot
 40071 | Orc:2    | Bought a wand of teleportation (4/9) for 360 gold pieces
 40304 | Shoals:1 | Entered Level 1 of the Shoals
 40629 | Shoals:1 | Found Ihaupnup's Antique Weapon Boutique.
 40934 | Shoals:1 | Learned a level 1 spell: Apportation
 41070 | Shoals:2 | Noticed Aizul
 41077 | Shoals:2 | Killed Aizul
 41077 | Shoals:2 | Reached skill level 1 in Shields
 41369 | Shoals:2 | Reached XP level 18. HP: 75/85 MP: 46/46
 41376 | Shoals:2 | Reached ****** piety under Vehumet
 41378 | Shoals:2 | Noticed Kirke
 41381 | Shoals:2 | Killed Kirke
 41381 | Shoals:2 | Reached skill level 1 in Translocations
 41651 | Shoals:2 | Offered knowledge of Fire Storm by Vehumet.
 41651 | Shoals:2 | Offered knowledge of Glaciate by Vehumet.
 41651 | Shoals:2 | Offered knowledge of Shatter by Vehumet.
 42236 | Shoals:2 | Reached skill level 5 in Stealth
 42848 | Shoals:3 | Reached skill level 10 in Dodging
 43091 | Shoals:4 | Entered Level 4 of the Shoals
 43616 | Shoals:4 | Learned a level 9 spell: Fire Storm
 43704 | Shoals:4 | Noticed Ilsuiw
 43713 | Shoals:4 | Killed Ilsuiw
 44256 | Shoals:4 | Got a barnacled rune of Zot
 46713 | Elf:3    | Got a twitching silver ring
 46720 | Elf:3    | Identified the ring "Oxymadit" {*Corrode *Slow +Fly rElec Dex+3} (You found it on level 3 of the Elven Halls)
 46743 | Elf:3    | Noticed Bai Suzhen
 46748 | Elf:3    | Killed Bai Suzhen
 46759 | Elf:3    | Learned a level 2 spell: Blink
 46787 | Elf:3    | Reached XP level 19. HP: 65/89 MP: 21/47
 47392 | Elf:3    | Found Nuef's Jewellery Shoppe.
 47396 | Elf:3    | Found Ismeol's Gadget Boutique.
 47396 | Elf:3    | Found Monkey's Jewellery Shoppe.
 47665 | Elf:3    | Got a fine short sword {protect}
 47671 | Elf:3    | Identified the cursed +3 short sword "Opputel" {protect, *Drain rElec rF+} (You took it off a deep elf mage on level 3 of the Elven Halls)
 47699 | Elf:3    | Noticed Jorgrun
 47706 | Elf:3    | Killed Jorgrun
 48041 | Elf:3    | Got a scintillating granite ring
 48246 | Elf:3    | Reached skill level 23 in Spellcasting
 48925 | Elf:3    | Shot with an arrow by a deep elf master archer

Skill      XL: |  1  2  3  4  5  6  7  8  9 10 11 12 13 14 15 16 17 18 19 |
---------------+----------------------------------------------------------+-----
Spellcasting   | 4 5 6 7 8 10 12 13 15 17 18 19 20 21 22 23 | 23.1
Conjurations   | 5 6 7 8 9 11 12 13 15 16 17 18 19 | 19.4
Charms         | 1 2 4 6 8 10 11 12 13 | 13.8
Fire Magic     | 2 6 7 10 11 13 14 | 14.9
Armour         | 6 9 |  9.2
Dodging        | 5 9 10 11 | 11.4
Summonings     | 2 6 |  6.6
Shields        | 1 4 |  4.9
Stealth        | 3 7 |  7.3
Translocations | 2 |  2.0

Action                   |  1- 3 |  4- 6 |  7- 9 | 10-12 | 13-15 | 16-18 | 19-21 || total
-------------------------+-------+-------+-------+-------+-------+-------+-------++-------
Melee: Staff             |       |       |     3 |     6 |       |     6 |       ||    15
 Cast: Magic Dart        |    76 |   121 |   173 |   312 |   490 |   198 |       ||  1370
       Iskenderun's Myst |       |     6 |    18 |    83 |   179 |   307 |    31 ||   624
       Iskenderun's Batt |       |       |    49 |    77 |   128 |    80 |     2 ||   336
       Fireball          |       |       |       |     5 |    40 |    44 |     7 ||    96
       Bolt of Fire      |       |       |       |       |    40 |   170 |    43 ||   253
       Spellforged Servi |       |       |       |       |       |    43 |    14 ||    57
       Apportation       |       |       |       |       |       |    16 |       ||    16
Evoke: Rod               |       |       |       |       |       |     1 |       ||     1
  Use: Scroll            |       |       |     8 |     9 |    19 |     8 |     3 ||    47
       Potion            |       |       |       |     2 |     5 |     1 |       ||     8
  Eat: Chunk             |     1 |     9 |    15 |    22 |    33 |    26 |     4 ||   110
       Pizza             |       |       |       |     1 |       |       |       ||     1
       Royal jelly       |       |       |       |     2 |       |       |       ||     2
       Bread ration      |       |       |       |       |     2 |     3 |       ||     5
       Meat ration       |       |       |       |       |       |     2 |       ||     2
Armor: Robe              |       |     3 |     1 |     5 |     1 |       |       ||    10
       Ring mail         |       |       |       |     5 |    12 |    55 |     5 ||    77
Dodge: Dodged            |     7 |    15 |    18 |    54 |    60 |    73 |     8 ||   235
Block: Buckler           |       |       |       |       |       |    27 |     1 ||    28
